 Dungeon Crawl Stone Soup version 0.17-a0-1020-ge683cc4 (console) character file.

469 Monkaria the Slasher (level 6, -2/48 HPs)
             Began as a Demonspawn Chaos Knight on May 14, 2015.
             Slain by Numot's ghost (11 damage)
             ... on level 4 of the Dungeon.
             The game lasted 00:03:54 (2940 turns).

Monkaria the Slasher (Demonspawn Chaos Knight)      Turns: 2940, Time: 00:03:55

Health: -2/48      AC:  2    Str: 14    XL:     6   Next: 82%
Magic:  6/6        EV: 18    Int: 14    God:    Xom [.....*]
Gold:   195        SH:  0    Dex: 17    Spells: 0 memorised, 5 levels left

rFire  . . .     SeeInvis .     (weapon currently unavailable)
rCold  . . .     Clarity  .     (armour currently unavailable)
rNeg   . . .     SustAb   .     (shield currently unavailable)
rPois  x         Gourm    .     (helmet currently unavailable)
rElec  .         Spirit   .     (cloak currently unavailable)
rCorr  .         Warding  .     (gloves currently unavailable)
rMut   .         Stasis   .     (boots currently unavailable)
MR     .....                    (no amulet)
Stlth  ++........               (no ring)
                                (no ring)

@: spider-form, not resistant to hostile enchantments, unstealthy
A: (talons 0), (icy blue scales 0), powered by death 1, rot immunity
a: Renounce Religion


You were on level 4 of the Dungeon.
You worshipped Xom.
You were Xom's teddy bear.
You were not hungry.
You were a venomous arachnid creature.
You visited 2 branches of the dungeon, and saw 5 of its levels.

You collected 195 gold pieces.

Inventory:

Hand weapons
 a - a +0 falchion of chaos (melded)
Missiles
 l - 9 poisoned needles
Armour
 b - a +2 leather armour (melded)
Magical devices
 h - a wand of polymorph (4)
Scrolls
 g - a scroll of remove curse
 k - a scroll of teleportation
 n - a scroll of random uselessness {unknown}
 o - 2 scrolls of immolation
 p - a scroll of enchant armour {unknown}
Potions
 d - a potion of heal wounds
 e - 2 potions of lignification {unknown}
 i - a potion of poison {unknown}
 r - 2 potions of curing
Comestibles
 c - 2 bread rations
 f - 5 fruits
 j - 2 chunks of flesh
 m - 2 meat rations


   Skills:
 - Level 4.1 Fighting
 + Level 6.6 Long Blades
 - Level 1.7 Armour
 - Level 0.8 Dodging


You had 5 spell levels left.
You didn't know any spells.

Dungeon Overview and Level Annotations

Branches:
Dungeon (4/15)             Temple (1/1) D:4

Altars:
Dithmenos
Fedhas
Gozag
Kikubaaqudgha
Makhleb
Nemelex Xobeh
Ru
Sif Muna
Trog
Xom
Yredelemnul
Zin
The Shining One

Annotations:
D:4 Numot's ghost, average MfGl


Innate Abilities, Weirdness & Mutations

((You have sharp toenails.))
((You are partially covered in icy blue scales (AC +1).))
You can steal the life force of nearby defeated enemies.
You are immune to rotting.


Message History

You hit Numot's ghost.
Numot's ghost is heavily damaged.
You feel less regenerative.
Numot's ghost hits you but does no damage.
Your shadow imp hits Numot's ghost.
You hit Numot's ghost but do no damage.
Numot's ghost is heavily damaged.
Numot's ghost hits you.
* * * LOW HITPOINT WARNING * * *
Your shadow imp hits Numot's ghost.
You hit Numot's ghost.
Numot's ghost is severely damaged.
Numot's ghost hits you.
* * * LOW HITPOINT WARNING * * *
Your shadow imp completely misses Numot's ghost.
Unknown command.
You hit Numot's ghost but do no damage.
Numot's ghost is severely damaged.
Numot's ghost hits you!
You die...

##### #### #...###### ##..##
####.....#### ##.##.##
##........# #..##..##
#.......... ###.###...##
#.......... ####.##....##....##
##..........
...........##.....###.....b.....
##........§§#5Ws...........<....
..##..###...†§..####.....b......
#.. #...§.§## #............ ...
#.....## #.....b...... ....
....##..# #............ ....
....####...## #............ ...!
...# #................... ...
##....###........... ..
#..................


You could see Numot's ghost and a friendly shadow imp.

Vanquished Creatures
  Grinder (D:3)
  The ghost of Monkaria the Skirmisher, an average DsCK of Xom (D:3)
  2 adders
  An ooze (D:1)
  A worm (D:3)
  4 orcs
  2 giant cockroaches
  7 hobgoblins
  4 quokkas
  2 bats (D:1)
  4 giant newts
  3 goblins
  A jackal skeleton (D:4)
  5 kobolds
  2 rats
40 creatures vanquished.

Vanquished Creatures (collateral kills)
  An ogre (D:4)
  A giant cockroach (D:4)
2 creatures vanquished.

Grand Total: 42 creatures vanquished

Notes
Turn   | Place    | Note
--------------------------------------------------------------
     0 | D:1      | Monkaria the Demonspawn Chaos Knight began the quest for the Orb.
     0 | D:1      | Reached XP level 1. HP: 18/18 MP: 1/1
   167 | D:1      | XOM: harmless Pois miscast
   227 | D:1      | Gained mutation: You can steal the life force of nearby defeated enemies. [demonic ancestry]
   227 | D:1      | Reached XP level 2. HP: 24/24 MP: 2/2
   921 | D:2      | Reached skill level 4 in Fighting
  1007 | D:2      | XOM: silly message
  1012 | D:2      | Reached XP level 3. HP: 30/30 MP: 3/3
  1154 | D:2      | XOM: divination: detect items
  1337 | D:3      | XOM: divination: detect items
  1580 | D:3      | Found a shadowy altar of Dithmenos.
  1693 | D:3      | Noticed Monkaria's ghost (average DsCK)
  1697 | D:3      | XOM: potion effect (haste)
  1704 | D:3      | XOM: potion effect (might)
  1710 | D:3      | XOM: potion effect (agility)
  1711 | D:3      | XOM: potion effect (brilliance)
  1715 | D:3      | XOM: noise
  1717 | D:3      | XOM: divination: detect items
  1723 | D:3      | Paralysed by Monkaria's ghost for 2 turns
  1732 | D:3      | Killed Monkaria's ghost
  1732 | D:3      | Gained mutation: You are immune to rotting. [demonic ancestry]
  1732 | D:3      | Reached XP level 4. HP: 15/37 MP: 4/4
  1732 | D:3      | Gained mutation: You have sharp toenails. [demonic ancestry]
  1732 | D:3      | Reached XP level 5. HP: 17/42 MP: 5/5
  1809 | D:3      | XOM: harmless Tloc miscast
  1882 | D:3      | XOM: blink monster(s)
  1944 | D:3      | Noticed Grinder
  1957 | D:3      | Paralysed by Grinder for 6 turns
  2001 | D:3      | Reached skill level 5 in Long Blades
  2021 | D:3      | XOM: divination: magic mapping
  2034 | D:3      | XOM: divination: magic mapping
  2039 | D:3      | Paralysed by Grinder for 2 turns
  2051 | D:3      | Killed Grinder
  2051 | D:3      | Reached skill level 6 in Long Blades
  2051 | D:3      | Gained mutation: You are partially covered in icy blue scales (AC +1). [demonic ancestry]
  2051 | D:3      | Reached XP level 6. HP: 12/48 MP: 6/6
  2259 | D:3      | XOM: scenery: 2 doors close
  2379 | D:3      | XOM: 4-stop teleportation journey
  2530 | D:4      | Found a staircase to the Ecumenical Temple.
  2534 | D:4      | XOM: summons friendly ufetubus
  2551 | Temple   | Entered the Ecumenical Temple
  2622 | Temple   | XOM: vitrification
  2883 | D:4      | XOM: cast spell 'Summon Butterflies'
  2901 | D:4      | Noticed Numot's ghost (average MfGl)
  2905 | D:4      | XOM: summons friendly shadow imp
  2906 | D:4      | XOM: cast spell 'Spider Form'
  2916 | D:4      | XOM: fog
  2940 | D:4      | Slain by Numot's ghost

Vault maps used:
D:1:      lightli_arrival_noodles
D:3:      nicolae_dithmenos_shadow_blocks, uniq_grinder
D:4:      evilmike_ruin_ashenzari, minmay_temple_entry_grid, first_bread,
          uniq_blork_the_orc
Temple:   oiseaux_autumnal_temple_12

Action                   |  1- 3 |  4- 6 || total
-------------------------+-------+-------++-------
Melee: Falchion          |    93 |    42 ||   135
       Unarmed           |       |    37 ||    37
  Use: Scroll            |     7 |       ||     7
       Potion            |     4 |       ||     4
 Stab: Paralysed         |     1 |       ||     1
       Distracted        |       |     1 ||     1
  Eat: Chunk             |     2 |     4 ||     6
       Pizza             |       |     1 ||     1
